AoeStats
← kable.xpress

Arabia

509014753Analyzed
1v1 RM · 8d ago on Sep 25, 2026· 38m 14s· 2 players
Game mode
Random Map
Map size
Tiny (2 player)
Population
200
Speed
Normal
Resources
Standard
Victory
Conquest
Starting age
Dark Age
Ending age
Imperial Age
RankedLock teamsTeams togetherTeam positionsShared explorationLock speedFull tech treeHidden civsTurbo modeCheats
Victory
Defeat
🇧🇷 Varangians · Brazil
2306
+10
🇦🇷 Varangians · Argentina
2172
-10
kable.xpress
6:26 Loom
8:55 Feudal Age
9:34 Double-Bit Axe
13:01 Horse Collar
20:05 Castle Age
18:32 Gold Mining
21:09 Bow Saw
21:56 Husbandry
22:06 Bloodlines
23:40 Wheelbarrow
25:39 Forging
27:44 Scale Barding Armor
28:21 Iron Casting
30:15 Scale Barding Armor
35:24 Imperial Age
36:40 Masonry
35:55 Vendel Legacy
36:26 Vendel Legacy
37:15 Elite Jarl
Fs.FASTURTLE
6:08 Loom
6:53 Loom
9:17 Feudal Age
9:46 Double-Bit Axe
10:37 Horse Collar
19:46 Castle Age
17:50 Gold Mining
18:36 Bloodlines
19:02 Forging
19:55 Light Cavalry
20:56 Bow Saw
28:08 Wheelbarrow
29:36 Hand Cart
35:21 Imperial Age
34:04 Scale Barding Armor
34:06 Husbandry
35:50 Chain Barding Armor
36:57 Iron Casting
39:15 Plate Barding Armor
Connection lost

Rejoining the realm…

Still unreachable

The connection could not be restored.

Session expired

The server has moved on; the page needs a fresh start.